SAA
IRVING BLUE SOX @ PHOENIX HOTSPUR YOUTH
06/16/2025
 
TOP OF THE 1ST
Irving Blue Sox batting - Pitching for Phoenix Hotspur Youth : RHP Titus Parson
Pitching: RHP Titus Parson
Batting: RHB Bryan Clifton 0-0: Called Strike
0-1: Foul Ball, location: 2F
0-2: Strikes out swinging
Batting: LHB Jim Unknown 0-0: Ball
1-0: Ball
2-0: Ball
3-0: Called Strike
3-1: Foul Ball, location: 2F
3-2: Strikes out swinging
Batting: LHB John Meléndez 0-0: Ball
1-0: Ball
2-0: Ball
3-0: Called Strike
3-1: SINGLE (Groundball, 6D)
Batting: RHB Justin Bingham 0-0: Ball
1-0: Foul Ball, location: 2F
1-1: Foul Ball, location: 2F
1-2: Ball
2-2: Ball
3-2: Ground out 1-3 (Groundball, 15S)
Top of the 1st over - 0 run(s), 1 hit(s), 0 error(s), 1 left on base; Irving 0 - Phoenix Hotspur 0
BOTTOM OF THE 1ST
Phoenix Hotspur Youth batting - Pitching for Irving Blue Sox : LHP Jim Unknown
Pitching: LHP Jim Unknown
Batting: LHB Derek Blair 0-0: Called Strike
0-1: Foul Ball, location: 2F
0-2: Fly out, F8 (Flyball, 8RXD)
Batting: RHB Carl Tucker 0-0: Called Strike
0-1: Ball
1-1: Fly out, F7 (Flyball, 7)
Batting: LHB Luis Díaz 0-0: Foul Ball, location: 2F
0-1: Foul Ball, location: 2F
0-2: Ball
1-2: Ball
2-2: Foul Ball, location: 2F
2-2: Fly out, F8 (Flyball, 8LD)
Bottom of the 1st over - 0 run(s), 0 hit(s), 0 error(s), 0 left on base; Irving 0 - Phoenix Hotspur 0
TOP OF THE 2ND
Irving Blue Sox batting - Pitching for Phoenix Hotspur Youth : RHP Titus Parson
Batting: RHB Noah Smith 0-0: Foul Ball, location: 2F
0-1: Foul Ball, location: 2F
0-2: Ball
1-2: Hit by Pitch
Batting: SHB Tom Palmer 0-0: Called Strike
0-1: Ball
1-1: Called Strike
1-2: Foul Ball, location: 2F
1-2: Strikes out swinging
Batting: RHB Chi-hyeong Ho 0-0: Ball
1-0: SINGLE (Line Drive, 6MD)
Noah Smith to second
Batting: RHB Jim Unknown 0-0: Ball
1-0: SINGLE (Groundball, 6D)
Noah Smith to third
Chi-hyeong Ho to second
Runner from 3rd tries for Home, SAFE, throw made home
Chi-hyeong Ho to third
Jim Unknown to second
Batting: SHB John Clayton 0-0: Fly out, F9 (Flyball, 9)
Runner from 3rd tags up, SCORES, no throw
Batting: RHB Bryan Clifton 0-0: Ball
1-0: SINGLE (Groundball, 56D)
Jim Unknown to third
Runner from 3rd tries for Home, SAFE, no throw
Batting: LHB Jim Unknown 0-0: Foul Ball, location: 2F
0-1: Swinging Strike
0-2: Ball
1-2: Fly out, F9 (Flyball, 9S)
Top of the 2nd over - 3 run(s), 3 hit(s), 0 error(s), 1 left on base; Irving 3 - Phoenix Hotspur 0
BOTTOM OF THE 2ND
Phoenix Hotspur Youth batting - Pitching for Irving Blue Sox : LHP Jim Unknown
Batting: LHB Ricardo Peña 0-0: Ball
1-0: Ball
2-0: Foul Ball, location: 2F
2-1: SINGLE (Groundball, 4MD)
Batting: RHB Pepe Reyes 0-0: Ball
Ricardo Peña is caught stealing 2nd base
1-0: Ball
2-0: Called Strike
2-1: Called Strike
2-2: Strikes out swinging
Batting: RHB Bob Curry 0-0: Called Strike
0-1: Swinging Strike
0-2: Fly out, F7 (Flyball, 78S)
Bottom of the 2nd over - 0 run(s), 1 hit(s), 0 error(s), 0 left on base; Irving 3 - Phoenix Hotspur 0
TOP OF THE 3RD
Irving Blue Sox batting - Pitching for Phoenix Hotspur Youth : RHP Titus Parson
Batting: LHB John Meléndez 0-0: Ball
1-0: Called Strike
1-1: Swinging Strike
1-2: Ground out 4-3 (Groundball, 4S)
Batting: RHB Justin Bingham 0-0: Called Strike
0-1: Ball
1-1: Swinging Strike
1-2: Ball
2-2: Ball
3-2: SINGLE (Line Drive, 8LS)
Batting: RHB Noah Smith 0-0: Ball
1-0: Ball
2-0: Foul Ball, location: 2F
2-1: Foul Ball, location: 2F
2-2: Foul Ball, location: 2F
2-2: SINGLE (Line Drive, 8LS)
Justin Bingham to second
Batting: SHB Tom Palmer 0-0: Called Strike
0-1: Fielders Choice at 2nd, 3-6 (Groundball, 34)
Justin Bingham to third
Batting: RHB Chi-hyeong Ho 0-0: Ball
1-0: Foul Ball, location: 2F
1-1: Ball
2-1: Reached via error on a dropped throw, E3
Justin Bingham scores
Tom Palmer to second
Batting: RHB Jim Unknown 0-0: Fielders Choice at 2nd, 5-4 (Groundball, 56)
Top of the 3rd over - 1 run(s), 2 hit(s), 1 error(s), 1 left on base; Irving 4 - Phoenix Hotspur 0
BOTTOM OF THE 3RD
Phoenix Hotspur Youth batting - Pitching for Irving Blue Sox : LHP Jim Unknown
Batting: LHB Richard Alpert 0-0: Ball
1-0: Foul Ball, location: 2F
1-1: Ball
2-1: Called Strike
2-2: Foul Ball, location: 2F
2-2: Foul Ball, location: 2F
2-2: Ball
3-2: Ground out U3 (Groundball, 3)
Batting: RHB Ed Sharp 0-0: Called Strike
0-1: Ball
1-1: Swinging Strike
1-2: Foul Ball, location: 2F
1-2: Fly out, F8 (Flyball, 8LD)
Batting: RHB Billy Strauss 0-0: Ground out 4-3 (Groundball, 4)
Bottom of the 3rd over - 0 run(s), 0 hit(s), 0 error(s), 0 left on base; Irving 4 - Phoenix Hotspur 0
TOP OF THE 4TH
Irving Blue Sox batting - Pitching for Phoenix Hotspur Youth : RHP Titus Parson
Batting: SHB John Clayton 0-0: Called Strike
0-1: Ball
1-1: Called Strike
1-2: Ball
2-2: Ground out 4-3 (Groundball, 34D)
Batting: RHB Bryan Clifton 0-0: Ball
1-0: Ball
2-0: Ball
3-0: Base on Balls
Batting: LHB Jim Unknown 0-0: Swinging Strike
0-1: Ball
1-1: Fly out, F7 (Line Drive, 7)
Batting: LHB John Meléndez 0-0: Called Strike
0-1: Ground out 1-3 (Groundball, 15S)
Top of the 4th over - 0 run(s), 0 hit(s), 0 error(s), 1 left on base; Irving 4 - Phoenix Hotspur 0
BOTTOM OF THE 4TH
Phoenix Hotspur Youth batting - Pitching for Irving Blue Sox : LHP Jim Unknown
Batting: LHB Derek Blair 0-0: Called Strike
0-1: Ground out U3 (Groundball, 3L)
Batting: RHB Carl Tucker 0-0: Fly out, F7 (Flyball, 78S)
Batting: LHB Luis Díaz 0-0: Ball
1-0: Called Strike
1-1: Ground out 1-3 (Groundball, 13S)
Bottom of the 4th over - 0 run(s), 0 hit(s), 0 error(s), 0 left on base; Irving 4 - Phoenix Hotspur 0
TOP OF THE 5TH
Irving Blue Sox batting - Pitching for Phoenix Hotspur Youth : RHP Titus Parson
Batting: RHB Justin Bingham 0-0: Called Strike
0-1: Ball
1-1: Called Strike
1-2: Ball
2-2: Ball
3-2: Base on Balls
Batting: RHB Noah Smith 0-0: Ball
1-0: Foul Ball, location: 2F
1-1: Ball
2-1: SINGLE (Flyball, 9S)
Justin Bingham to second
Runner from 2nd tries for 3rd, SAFE, throw made to third
Pinch Runner at 3rd Ethan Staite:
Batting: SHB Tom Palmer 0-0: Called Strike
0-1: SINGLE (Groundball, 4D)
Ethan Staite scores
Noah Smith to second
Runner from 2nd tries for 3rd, SAFE, no throw
Batting: RHB Chi-hyeong Ho 0-0: Called Strike
0-1: Grounds into double play, 6-4-3 (Groundball, 6)
Noah Smith scores
Batting: RHB Jim Unknown 0-0: Called Strike
0-1: Ball
1-1: Foul Ball, location: 2F
1-2: Foul Ball, location: 2F
1-2: Ball
2-2: Foul Ball, location: 2F
2-2: Ball
3-2: SINGLE (Line Drive, 8LS)
Pitching: LHP Juan López
Batting: SHB John Clayton 0-0: Called Strike
0-1: Swinging Strike
0-2: Fielders Choice at 2nd, 6-4 (Groundball, 6)
Top of the 5th over - 2 run(s), 3 hit(s), 0 error(s), 0 left on base; Irving 6 - Phoenix Hotspur 0
BOTTOM OF THE 5TH
Phoenix Hotspur Youth batting - Pitching for Irving Blue Sox : LHP Jim Unknown
Now at 2B: Ethan Staite
Batting: LHB Ricardo Peña 0-0: Called Strike
0-1: Ball
1-1: Swinging Strike
1-2: Strikes out swinging
Batting: RHB Pepe Reyes 0-0: Ball
1-0: Foul Ball, location: 2F
1-1: Fly out, F9 (Flyball, 89M)
Batting: RHB Bob Curry 0-0: Ball
1-0: Ball
2-0: Ball
3-0: Base on Balls
Batting: LHB Richard Alpert 0-0: Ball
1-0: Foul Ball, location: 2F
1-1: Hit by Pitch
Bob Curry to second
Batting: RHB Ed Sharp 0-0: Ball
1-0: Called Strike
1-1: Swinging Strike
1-2: Fly out, F9 (Flyball, 9LM)
Bottom of the 5th over - 0 run(s), 0 hit(s), 0 error(s), 2 left on base; Irving 6 - Phoenix Hotspur 0
TOP OF THE 6TH
Irving Blue Sox batting - Pitching for Phoenix Hotspur Youth : LHP Juan López
Batting: RHB Bryan Clifton 0-0: Ball
1-0: Ground out 5-3 (Groundball, 5)
Batting: LHB Jim Unknown 0-0: Ball
1-0: Ball
2-0: Ground out 4-3 (Groundball, 4S)
Batting: LHB John Meléndez 0-0: Ball
1-0: Called Strike
1-1: Ball
2-1: Fly out, F4 (Line Drive, 4)
Top of the 6th over - 0 run(s), 0 hit(s), 0 error(s), 0 left on base; Irving 6 - Phoenix Hotspur 0
BOTTOM OF THE 6TH
Phoenix Hotspur Youth batting - Pitching for Irving Blue Sox : LHP Jim Unknown
Batting: RHB Billy Strauss 0-0: Called Strike
0-1: Swinging Strike
0-2: Strikes out looking
Batting: LHB Derek Blair 0-0: Called Strike
0-1: Ball
1-1: Ground out 6-3 (Groundball, 56D)
Batting: RHB Carl Tucker 0-0: Called Strike
0-1: Foul Ball, location: 2F
0-2: Ball
1-2: Ball
2-2: Strikes out looking
Bottom of the 6th over - 0 run(s), 0 hit(s), 0 error(s), 0 left on base; Irving 6 - Phoenix Hotspur 0
TOP OF THE 7TH
Irving Blue Sox batting - Pitching for Phoenix Hotspur Youth : LHP Juan López
Batting: RHB Ethan Staite 0-0: Swinging Strike
0-1: Ground out 6-3 (Groundball, 6)
Batting: RHB Noah Smith 0-0: Ball
1-0: Foul Ball, location: 2F
1-1: Foul Ball, location: 2F
1-2: Ground out 6-3 (Groundball, 6)
Batting: SHB Tom Palmer 0-0: Called Strike
0-1: Ground out 6-3 (Groundball, 6S)
Top of the 7th over - 0 run(s), 0 hit(s), 0 error(s), 0 left on base; Irving 6 - Phoenix Hotspur 0
BOTTOM OF THE 7TH
Phoenix Hotspur Youth batting - Pitching for Irving Blue Sox : LHP Jim Unknown
Batting: LHB Luis Díaz 0-0: Ball
1-0: SINGLE (Groundball, 6MD)
Batting: LHB Ricardo Peña 0-0: Ball
1-0: SINGLE (Groundball, 34D)
Luis Díaz to second
Runner from 2nd tries for 3rd, SAFE, throw made to third
Ricardo Peña to second
Batting: RHB Pepe Reyes 0-0: DOUBLE (Line Drive, 8LD)
Luis Díaz scores
Ricardo Peña scores
Batting: RHB Bob Curry 0-0: Ball
1-0: Ball
2-0: Fly out, F9 (Flyball, 89M)
Batting: LHB Richard Alpert 0-0: Ground out U3 (Groundball, 3)
Pepe Reyes to third
Batting: RHB Ed Sharp 0-0: Ball
1-0: Fly out, F9 (Flyball, 89S)
Bottom of the 7th over - 2 run(s), 3 hit(s), 0 error(s), 1 left on base; Irving 6 - Phoenix Hotspur 2
TOP OF THE 8TH
Irving Blue Sox batting - Pitching for Phoenix Hotspur Youth : LHP Juan López
Batting: RHB Chi-hyeong Ho 0-0: Ball
1-0: Ball
2-0: Foul Ball, location: 2F
2-1: Ball
3-1: Base on Balls
Batting: RHB Jim Unknown 0-0: Sac Bunt - play at first, batter OUT! 1-3
Chi-hyeong Ho to second
Batting: SHB John Clayton 0-0: Ball
1-0: Ground out 6-3 (Groundball, 6)
Batting: RHB Bryan Clifton 0-0: Fly out, F8 (Flyball, 8LD)
Top of the 8th over - 0 run(s), 0 hit(s), 0 error(s), 1 left on base; Irving 6 - Phoenix Hotspur 2
BOTTOM OF THE 8TH
Phoenix Hotspur Youth batting - Pitching for Irving Blue Sox : LHP Jim Unknown
Batting: RHB Billy Strauss 0-0: Ball
1-0: Fly out, F6 (Popup, 56D)
Batting: LHB Derek Blair 0-0: Ground out 4-3 (Groundball, 4D)
Batting: RHB Carl Tucker 0-0: Ground out 4-3 (Groundball, 34)
Bottom of the 8th over - 0 run(s), 0 hit(s), 0 error(s), 0 left on base; Irving 6 - Phoenix Hotspur 2
TOP OF THE 9TH
Irving Blue Sox batting - Pitching for Phoenix Hotspur Youth : LHP Juan López
Batting: LHB Jim Unknown 0-0: Ball
1-0: Called Strike
1-1: Ground out 4-3 (Groundball, 4)
Batting: LHB John Meléndez 0-0: Called Strike
0-1: Reached on error, E6 (Groundball, 6M)
Batting: RHB Ethan Staite 0-0: Ball
1-0: Ball
2-0: Fly out, F8 (Flyball, 78M)
Batting: RHB Noah Smith 0-0: Ball
1-0: Called Strike
1-1: Called Strike
1-2: Strikes out swinging
Top of the 9th over - 0 run(s), 0 hit(s), 1 error(s), 1 left on base; Irving 6 - Phoenix Hotspur 2
BOTTOM OF THE 9TH
Phoenix Hotspur Youth batting - Pitching for Irving Blue Sox : LHP Jim Unknown
Pitching: RHP Jim Unknown
Batting: LHB Luis Díaz 0-0: Foul Ball, location: 2F
0-1: Ball
1-1: Called Strike
1-2: Ball
2-2: Fly out, F7 (Flyball, 7LS)
Batting: LHB Ricardo Peña 0-0: Ball
1-0: Ground out 3-1 (Groundball, 34S)
Batting: RHB Pepe Reyes 0-0: Ball
1-0: Foul Ball, location: 2F
1-1: Called Strike
1-2: Foul Ball, location: 2F
1-2: Ball
2-2: Fly out, F4 (Popup, 4M)
Bottom of the 9th over - 0 run(s), 0 hit(s), 0 error(s), 0 left on base; Irving 6 - Phoenix Hotspur 2
Friday, December 30th, 2016 - OOTP Baseball 17.12 Build 75